 Dungeon Crawl Stone Soup version 0.27-a0-1191-g601b473118 (webtiles) character file.

Game seed: 731366883029979368

217 Sobieck the Spear-Bearer (level 5, 0/85 HPs)
             Began as a Merfolk Gladiator on May 23, 2021.
             Succumbed to a scorpion's poison
             ... on level 4 of the Dungeon.
             The game lasted 00:04:51 (1839 turns).

Sobieck the Spear-Bearer (Merfolk Gladiator)        Turns: 1839, Time: 00:04:52

Health: 0/85       AC: 22    Str: 15    XL:     5   Next: 94%
Magic:  5/5        EV:  2    Int:  7    God:
Gold:   31         SH:  5    Dex: 16    Spells: 4/4 levels left

rFire    . . .     SeeInvis .   a - +0 trident {polearm}
rCold    + . .     Faith    .   i - +0 buckler
rNeg     + + +     Spirit   .   (armour currently unavailable)
rPois    +         Reflect  .   (helmet currently unavailable)
rElec    .         Harm     .   (cloak currently unavailable)
rCorr    .         Rampage  .   (gloves currently unavailable)
Will     .....     NoTele   +   (boots currently unavailable)
Stlth    ..........             (no amulet)
HPRegen  0.24/turn              l - ring of protection from cold
MPRegen  0.09/turn              (no ring)

@: mighty, berserking, lethally poisoned (0 -> -6), tree-form, hasted, very
quick
A: stationary, stasis, torment immunity, boosted hp, (nimble swimmer 2),
(mertail)
a: no special abilities


You were on level 4 of the Dungeon.
You were a tree.
You visited 1 branch of the dungeon, and saw 4 of its levels.

You collected 31 gold pieces.


Innate Abilities, Weirdness & Mutations

You are a tree.
Your roots penetrate the ground, keeping you stationary.
You cannot be teleported.
You are immune to unholy pain and torment.
Your maximum health is greatly increased.
Your equipment is partially melded.
((You are quick and stealthy near water. (Stealth+, EV+, Speed+++)))
((Your lower body shifts to a powerful aquatic tail in water.))


   Skills:
 - Level 2.1 Fighting
 * Level 8.2 Polearms
 - Level 2.0 Throwing
 - Level 4.0 Dodging
 + Level 2.6 Shields


You had 4 spell levels left.
You didn't know any spells.
Your spell library contained the following spells:

 Spells                   Type           Power      Damage    Failure   Level
 Confusing Touch          Hex            0%         N/A       86%         3
 Gell's Gravitas          Tloc           0%         N/A       86%         3
 Petrify                  Tmut/Erth      0%         N/A       99%         4
 Metabolic Englaciation   Hex/Ice        0%         N/A       100%        5
 Yara's Violent Unravell  Hex/Tmut       0%         3d3       100%        5

Inventory:

Hand Weapons
 a - a +0 trident (weapon) {polearm}
 b - a +0 hunting sling {sling}
   (You found it on level 1 of the Dungeon)
 j - a +2 short sword of electrocution {short}
   (You found it on level 4 of the Dungeon)
Missiles
 d - 3 throwing nets (quivered) {=f!fthrowing}
 m - 15 sling bullets
Armour
 c - a +0 helmet (melded)
 g - a +0 leather armour (melded)
 i - a +0 buckler (worn)
   (You found it on level 2 of the Dungeon)
Jewellery
 l - a ring of protection from cold (left branch)
   (You found it on level 4 of the Dungeon)

Dungeon Overview and Level Annotations

Branches:
Dungeon (4/15)
 Temple: D:4-7

Altars:

..# ..# ### ..#
... ..# ...
..###### #'#
##.....# #.#
8#.....# #.#
##.....# #.#
#......#########♣#
.................#
.................#
.................#
####.............#
## #.............#
.# #.............#
.# #.............#
.# #..........####


There were no monsters in sight!


Message History

You puncture the centaur skeleton!
You block the centaur skeleton's attack.
The centaur skeleton kicks you but does no damage.
You puncture the centaur skeleton!
You destroy the centaur skeleton!
No target in view!
A scorpion comes into view. 😎 HP[+1]
Your hp is fully restored (38).
There are no items here.
You reach to attack!
You barely miss the scorpion. You closely miss the scorpion.
The scorpion barely misses you.
You hit the scorpion but do no damage. You block the scorpion's attack.
You closely miss the scorpion. The scorpion stings you.
You are poisoned.
The scorpion poisons you!
You block the scorpion's attack. 😕 HP[-1]
You take 1 damage, and now have 37/38 hp.
You puncture the scorpion!
You feel sick. The scorpion stings you. 😕 HP[-4]
You take 4 damage, and now have 33/38 hp.
Unknown command.
You hit the scorpion.
You feel sick. The scorpion stings you.
You are more poisoned.
The scorpion poisons you! 😮 HP[-6]
You take 6 damage, and now have 27/38 hp.
You completely miss the scorpion.
You feel very sick.
The scorpion barely misses you. 😮 HP[-3]
You take 3 damage, and now have 24/38 hp.
Unknown command.
You barely miss the scorpion.
You feel sick. The scorpion stings you.
* * * LOW HITPOINT WARNING * * *
😨 HP[-5]
You take 5 damage, and now have 19/38 hp.
Unknown command.
You hit the scorpion but do no damage.
You feel sick.
The scorpion closely misses you. 😨 HP[-2]
You take 2 damage, and now have 17/38 hp.
Unknown command.
You barely miss the scorpion.
You feel sick. The scorpion stings you.
* * * LOW HITPOINT WARNING * * *
You are lethally poisoned!
The scorpion poisons you! 😨 HP[-7]
You take 7 damage, and now have 10/38 hp.
It was a potion of lignification.
You turn into a tree.
Your +0 helmet melds into your body.
Your +0 leather armour melds into your body.
Your roots penetrate the ground.
* * * LOW HITPOINT WARNING * * *
You feel very sick. The scorpion stings you.
* * * LOW HITPOINT WARNING * * *
😱 HP[-2]
You now have 57 max hp (+19).
It was a potion of might.
You feel very mighty all of a sudden.
* * * LOW HITPOINT WARNING * * *
You feel very sick.
The scorpion stings you but does no damage. 😱 HP[-3]
You take 3 damage, and now have 5/57 hp.
It was a potion of haste.
You feel yourself speed up.
* * * LOW HITPOINT WARNING * * *
You feel very sick.
The scorpion stings you but does no damage. x2 😱 HP[-2]
You take 2 damage, and now have 3/57 hp.
It was a potion of berserk rage.
A red film seems to cover your vision as you go berserk!
You feel yourself moving faster!
You feel mighty!
* * * LOW HITPOINT WARNING * * *
You feel sick.
The scorpion stings you but does no damage. 😱 HP[-1]
You now have 85 max hp (+28).
You completely miss the scorpion.
* * * LOW HITPOINT WARNING * * *
You feel sick.
You puncture the scorpion!
You kill the scorpion!
* * * LOW HITPOINT WARNING * * *
You feel sick.
Your Polearms skill increases to level 8! 😱 HP[-1]
You take 1 damage, and now have 1/85 hp.
Unknown command.
You cannot move.
There is a lethal amount of poison in your body!
Unknown command.
You are too berserk!
Unknown command.
You are too berserk!
Unknown command.
There is a lethal amount of poison in your body!
You die...

Skill      XL: |  1  2  3  4  5 |
---------------+----------------+-----
Polearms       | 5 6 7 8 |  8.2
Shields        | 1 2 |  2.6
Fighting       | |  2.1
Throwing       | |  2.0
Dodging        | |  4.0

Action                   |  1- 3 |  4- 6 || total
-------------------------+-------+-------++-------
Melee: Trident           |    94 |    53 ||   147
  Use: Scroll            |       |     3 ||     3
       Potion            |       |     4 ||     4
 Stab: Distracted        |     1 |       ||     1
Armor: Leather armour    |    19 |     7 ||    26
       Skin              |       |     4 ||     4
Dodge: Dodged            |    46 |    18 ||    64
Block: Buckler           |    13 |     8 ||    21

Levels and vault maps discovered:
D:1:      onia_arrival_mini_maze, layout_basic, minmay_crystal_water,
          kennysheep_flooded_box, hangedman_decor_clover_reticule
D:2:      layout_rooms, hangedman_decor_riveting, dk_noncrumbling_2
D:3:      layout_basic, lemuel_round_altar
D:4:      layout_basic, serial_corexii_hall, chequers_hall_statues_y,
          chequers_hall_statues_y, corexii_hall_statues_t,
          chequers_hall_statues_corner_a, gammafunk_ghost_mausoleum,
          minivault_14

Notes
Turn   | Place    | Note
-------+----------+-------------------------------------------
     0 | D:1      | Sobieck the Merfolk Gladiator began the quest for the Orb.
     0 | D:1      | Reached XP level 1. HP: 16/16 MP: 1/1
     0 | D:1      | magus.rc [v1.9.6]
   192 | D:1      | Reached skill level 5 in Polearms
   197 | D:1      | Reached XP level 2. HP: 11/22 MP: 2/2
   928 | D:3      | Reached XP level 3. HP: 27/27 MP: 3/3
   960 | D:3      | Reached skill level 6 in Polearms
   960 | D:3      | Reached skill level 1 in Shields
   963 | D:3      | HP: 6/27 [orc/+0 whip (2)]
  1210 | D:3      | Reached XP level 4. HP: 20/33 MP: 4/4
  1464 | D:4      | Reached skill level 7 in Polearms
  1546 | D:4      | Reached skill level 2 in Shields
  1600 | D:4      | Reached XP level 5. HP: 34/38 MP: 5/5
  1745 | D:4      | You pick up a book of Misfortune and begin reading...
  1745 | D:4      | You add the spells Confusing Touch, Gell's Gravitas,
                  | Petrify, Metabolic Englaciation and Yara's Violent
                  | Unravelling to your library.
  1833 | D:4      | HP: 10/57 [poisoned by a scorpion]
  1835 | D:4      | HP: 3/57 [poisoned by a scorpion]
  1838 | D:4      | HP: 1/85 [poisoned by a scorpion]
  1839 | D:4      | Reached skill level 8 in Polearms
  1839 | D:4      | Succumbed to a scorpion's poison

Vanquished Creatures
  A scorpion (D:4)
  A centaur skeleton (D:4)
  A hound (D:4)
  An orc wizard (D:3)
  3 adders
  A worm (D:2)
  2 dart slugs
  4 orcs
  2 ball pythons (D:1)
  A giant cockroach (D:3)
  3 goblins
  4 hobgoblins
  5 jackals
  A kobold (D:3)
  A quokka (D:1)
  A bat (D:2)
  A frilled lizard (D:1)
  3 rats
36 creatures vanquished.

Table legend:
 A = Non-vault XP
 B = Vault XP
 C = Vault XP percentage of total XP
 D = Non-vault monster count
 E = Vault monster count
 F = Vault count percentage of total count
                 A         B        C        D         E       F
            +---------+---------+-------+---------+---------+-------
      Total |     310 |       1 |   0.3 |      35 |       1 |   2.8
            +---------+---------+-------+---------+---------+-------
        D:1 |      10 |       1 |   9.1 |       6 |       1 |  14.3
        D:2 |      25 |       0 |   0.0 |      11 |       0 |   0.0
        D:3 |      79 |       0 |   0.0 |       9 |       0 |   0.0
        D:4 |     196 |       0 |   0.0 |       9 |       0 |   0.0
            +---------+---------+-------+---------+---------+-------

Illustrated notes

Table legend:
 A = Kills in this place as a percentage of kills in entire the game.
 B = Kills by you in this place as a percentage of kills by you in the entire game.
 C = Kills by friends in this place as a percentage of kills by friends in the entire game.
 D = Other kills in this place as a percentage of other kills in the entire game.
 E = Experience gained in this place as a percentage of experience gained in the entire game.
 F = Experience gained in this place divided by the number of levels of this place that you have seen.
                   A       B       C       D       E      F
               +-------+-------+-------+-------+-------+----------------------
         Total | 100.0 | 100.0 |   N/A |   N/A | 100.0 |  77.8
       Dungeon | 100.0 | 100.0 |   N/A |   N/A | 100.0 |  77.8
               +-------+-------+-------+-------+-------+----------------------

Table legend: (Time is in decaauts)
 A = Elapsed time spent in this place.
 B = Non-inter-level travel time spent in this place.
 C = Inter-level travel time spent in this place.
 D = Time resting spent in this place.
 E = Time spent auto-exploring this place.
 F = Levels seen in this place.
 G = Mean time per level.
                   A        B        C        D        E       F      G
               +--------+--------+--------+--------+--------+-----+--------+
         Total |   1843 |   1814 |     29 |   1033 |    313 |   4 |  460.8 |
       Dungeon |   1843 |   1814 |     29 |   1033 |    313 |   4 |  460.8 |
               +--------+--------+--------+--------+--------+-----+--------+

Top non-repeatable levels by time:
     D:2: 787 daAuts
     D:4: 387 daAuts
     D:1: 350 daAuts
     D:3: 318 daAuts
